 Dungeon Crawl Stone Soup version 0.21-a0-630-g344d351 (webtiles) character file.

260 Gaball the Poker (level 6, -4/47 HPs)
             Began as a Formicid Abyssal Knight on Dec 25, 2017.
             Was a Believer of Lugonu.
             Killed from afar by an orc wizard (13 damage)
             ... with a magic dart
             ... on level 4 of the Dungeon.
             The game lasted 00:08:21 (3953 turns).

Gaball the Poker (Formicid Abyssal Knight)          Turns: 3953, Time: 00:08:21

Health: -4/47      AC:  6    Str: 20    XL:     6   Next: 41%
Magic:  7/7        EV: 10    Int: 12    God:    Lugonu [**....]
Gold:   165        SH:  0    Dex: 10    Spells: 5/5 levels left

rFire    . . .     SeeInvis +   a - +1 spear
rCold    + . .     Gourm    .   (no shield)
rNeg     . . .     Faith    .   i - +0 ring mail {rC+}
rPois    .         Spirit   .   (helmet unavailable)
rElec    .         Reflect  .   (no cloak)
rCorr    .         Harm     +   (no gloves)
MR       +....                  e - +0 pair of boots
Stlth    ..........             o - amulet of harm
HPRegen  0.55/turn              q - ring of protection from magic
MPRegen  0.10/turn              (no ring)

@: no status effects
A: permanent stasis, dig shafts and tunnels, four strong arms, antennae 3,
mutation resistance 1, regeneration 1, strong 1
a: Dig, Shaft Self, Depart the Abyss, Bend Space, Renounce Religion


You were on level 4 of the Dungeon.
You worshipped Lugonu.
Lugonu was pleased with you.
You were hungry.

You visited 1 branch of the dungeon, and saw 4 of its levels.
You visited the Abyss 1 time.

You collected 165 gold pieces.

Inventory:

Hand Weapons
 a - a +1 spear (weapon)
Armour
 b - a +0 leather armour
 e - a +0 pair of boots (worn)
 i - a +0 ring mail of cold resistance (worn)
 m - a +2 chain mail of cold resistance
Jewellery
 l - a +4 amulet of reflection {unknown}
 o - an amulet of harm (around neck)
 q - a ring of protection from magic (left hand)
Scrolls
 d - 4 scrolls of immolation {unknown}
 f - a scroll of amnesia {unknown}
 g - a scroll of magic mapping {unknown}
 h - 4 scrolls of remove curse
 j - 3 scrolls of identify {unknown}
 k - a scroll of teleportation {unknown}
 p - 2 scrolls of fear {unknown}
 s - a scroll of enchant weapon {unknown}
 t - a scroll of fog {unknown}
Comestibles
 c - 10 rations


   Skills:
 - Level 3.2 Fighting
 + Level 6.3 Polearms
 - Level 2.1 Armour
 - Level 0.8 Dodging
 - Level 2.1 Invocations


You had 5 spell levels left.
You didn't know any spells.

Dungeon Overview and Level Annotations

Branches:
Dungeon (4/15)
 Temple: D:4-7

Altars:
Yredelemnul


Innate Abilities, Weirdness & Mutations

You cannot be hasted, slowed, berserked, paralysed or teleported.
You can dig through walls and to a lower floor.
Your four strong arms can wield two-handed weapons with a shield.
You have a pair of large antennae on your head. (SInv)
You are somewhat resistant to further mutation.
Your natural rate of healing is unusually fast.
Your muscles are strong. (Str +2)


Message History

The orc wizard hits you but does no damage.
The orc wizard miscasts a cantrip.
The orc wizard gestures at you while chanting.
The puff of frost hits you! You resist.
The orc wizard points at you and mumbles some strange words.
The puff of frost hits you! You resist.
* * * LOW HITPOINT WARNING * * *
The orc wizard gestures at you while chanting.
The puff of frost misses you. The orc wizard completely misses you.
The orc wizard hits you with a dagger.
* * * LOW HITPOINT WARNING * * *
The orc wizard misses you.
The orc wizard looks braver for a moment.
The orc wizard points at you and mumbles some strange words.
The magic dart hits you!
* * * LOW HITPOINT WARNING * * *
The orc wizard points at you and mumbles some strange words.
The magic dart hits you!
You die...

...............#####.o....<>.....
##############.#......######.#.#.
#.# #.#.###### #..... #.#
#.#.###### ##..## #.# #.#......#
#.... #.# #.#####..# #.### #.#
##.#.# ##{# #..## #.# #....# #.#
##..## #.######.##@####.# ##8..8#
#........##...o..# #......
################## #...>.. #8..8#
#..# ##.## #... ####


You could see an orc wizard.

Vanquished Creatures
  A bullfrog skeleton (D:4)
  2 orc priests (D:4)
  A worker ant (D:4)
  5 adders
  2 oozes (D:3)
  4 worms
  A dart slug (D:1)
  5 leopard geckos
  5 orcs
  3 giant cockroaches
  10 goblins
  6 hobgoblins
  9 jackals (D:1)
  A ball python (D:4)
  9 bats
  7 frilled lizards
  A kobold (D:1)
  4 rats
  A spectral orc (D:3)
77 creatures vanquished.

Notes
Turn   | Place    | Note
-------+----------+-------------------------------------------
     0 | Abyss:1  | Gaball the Formicid Abyssal Knight began the quest for the Orb.
     0 | Abyss:1  | Reached XP level 1. HP: 18/18 MP: 2/2
    35 | Abyss:1  | Noticed a thrashing horror
    37 | D:1      | Escaped the Abyss
    57 | D:1      | You fall through a shaft!
   150 | D:2      | Reached XP level 2. HP: 3/24 MP: 3/3
   418 | D:1      | Reached skill level 3 in Polearms
   586 | D:1      | Reached XP level 3. HP: 17/29 MP: 4/4
   609 | D:1      | Reached * piety under Lugonu
  1235 | D:2      | Reached skill level 4 in Polearms
  1235 | D:2      | Reached XP level 4. HP: 25/35 MP: 5/5
  2067 | D:3      | Reached ** piety under Lugonu
  2070 | D:3      | Reached XP level 5. HP: 36/41 MP: 6/6
  2383 | D:3      | Reached skill level 5 in Polearms
  2423 | D:3      | Found a basalt altar of Yredelemnul.
  3264 | D:4      | Reached XP level 6. HP: 21/47 MP: 7/7
  3636 | D:4      | Gained mutation: Your muscles are strong. (Str +2) [potion of mutation]
  3636 | D:4      | Gained mutation: Your natural rate of healing is unusually fast. [potion of mutation]
  3636 | D:4      | Gained mutation: You are somewhat resistant to further mutation. [potion of mutation]
  3658 | D:4      | Reached skill level 6 in Polearms
  3953 | D:4      | Killed from afar by an orc wizard

Vault maps used:
D:1:      dpeg_arrival_ternary
D:2:      first_ration, minivault_19
D:3:      yredelemnul_forgotten_temple_becter, minmay_unequal
D:4:      cheibrodos_barr_body, lemuel_blue_sif_altar, serial_co_window_serial,
          co_window_paths_a, co_window_corner_a, co_window_corner_a,
          co_window_paths_b, co_window_paths_a, co_window_of_opportunity_a,
          co_window_paths_b, co_window_2corner, co_window_of_opportunity_b,
          co_window_broadway_a, co_window_paths_d, co_window_paths_e,
          glass_columns_b, glass_columns_a, glass_columns_a, glass_columns_b,
          glass_columns_a, st_stairs_6

Skill      XL: |  1  2  3  4  5  6 |
---------------+-------------------+-----
Polearms       | 3 4 5 6 |  6.3
Fighting       | |  3.2
Armour         | |  2.1
Dodging        | |  0.8
Invocations    | |  2.1

Action                   |  1- 3 |  4- 6 || total
-------------------------+-------+-------++-------
Melee: Spear             |   146 |   247 ||   393
Invok: Depart the Abyss  |     1 |       ||     1
  Use: Scroll            |       |     1 ||     1
       Potion            |       |     4 ||     4
  Eat: Chunk             |       |     6 ||     6
       Ration            |       |     1 ||     1
Armor: Leather armour    |    21 |       ||    21
       Ring mail         |    27 |    58 ||    85
       Skin              |       |    19 ||    19
Dodge: Dodged            |    75 |    85 ||   160

Table legend:
 A = Spawn XP
 B = Non-spawn XP
 C = Spawn XP percentage of total XP
 D = Spawn monster count
 E = Non-spawn monster count
 F = Spawn count percentage of total count
 G = Total turns spent on level
                    A         B        C        D         E        F      G
               +---------+---------+-------+---------+---------+-------+---------
         Total |       0 |     372 |   0.0 |       0 |      77 |   0.0 |  3953
               +---------+---------+-------+---------+---------+-------+---------
           D:1 |       0 |      49 |   0.0 |       0 |      26 |   0.0 |   813
           D:2 |       0 |      36 |   0.0 |       0 |      14 |   0.0 |   970
           D:3 |       0 |      87 |   0.0 |       0 |      25 |   0.0 |   752
           D:4 |       0 |     200 |   0.0 |       0 |      12 |   0.0 |  1381
               +---------+---------+-------+---------+---------+-------+---------
